 Dungeon Crawl Stone Soup version 0.17-a0-1133-gfb1399f (webtiles) character file.

634 Ladykiller69 the Chopper (level 7, -4/56 HPs)
             Began as a Formicid Fighter on May 25, 2015.
             Splashed by a jelly's acid (11 damage)
             ... on level 6 of the Dungeon.
             The game lasted 00:09:52 (3772 turns).

Ladykiller69 the Chopper (Formicid Fighter)         Turns: 3772, Time: 00:09:55

Health: -4/56      AC: -2    Str: 22    XL:     7   Next: 79%
Magic:  7/7        EV:  8    Int:  8    God:
Gold:   184        SH: 10    Dex: 10    Spells: 0 memorised, 6 levels left

rFire  . . .     SeeInvis +     a - +0 war axe
rCold  . . .     Clarity  .     b - +0 scale mail
rNeg   . . .     SustAt   .     c - +0 shield
rPois  .         Gourm    .     (helmet unavailable)
rElec  .         Spirit   .     (no cloak)
rCorr  .         Warding  .     (no gloves)
rMut   .         Stasis   +     (no boots)
MR     .....                    (no amulet)
Stlth  ..........               (no ring)
                                (no ring)

@: corroded equipment, not resistant to hostile enchantments, extremely
unstealthy
A: permanent stasis, dig shafts and tunnels, four strong arms, antennae 3
a: Dig, Shaft Self


You were on level 6 of the Dungeon.
You were not hungry.

You visited 1 branch of the dungeon, and saw 5 of its levels.

You collected 184 gold pieces.

Inventory:

Hand weapons
 a - a +0 war axe (weapon)
Missiles
 u - 4 tomahawks (quivered)
Armour
 b - a +0 scale mail (worn)
 c - a +0 shield (worn)
Jewellery
 f - an uncursed ring of wizardry {unknown}
 p - an uncursed amulet of stasis {unknown}
 q - a cursed ring of loudness {unknown}
 r - an uncursed ring of magical power {unknown}
 w - an uncursed ring of wizardry {unknown}
 D - an uncursed ring of protection from fire {unknown}
Magical devices
 z - a wand of random effects (29)
 B - a wand of flame (24)
Scrolls
 g - 8 scrolls of identify {unknown}
 i - 3 scrolls of teleportation {unknown}
 l - 3 scrolls of fear {unknown}
 n - a scroll of magic mapping {unknown}
 v - 3 scrolls of recharging {unknown}
 x - a scroll of amnesia {unknown}
 y - 3 scrolls of remove curse {unknown}
 E - a scroll of blinking {unknown}
Potions
 d - 2 potions of brilliance {unknown}
 h - 3 potions of curing
 j - 2 potions of heal wounds {unknown}
 m - a potion of haste {unknown}
 o - 2 potions of lignification {unknown}
 s - a potion of agility {unknown}
 t - a potion of might
 A - a potion of invisibility {unknown}
Books
 C - a book of Burglary

   Spells                             Type                      Level
   a - Swiftness                      Charms/Air                   2
   b - Passwall                       Transmutation/Earth          3
   c - Passage of Golubria            Translocation                4
   d - Lee's Rapid Deconstruction     Earth                        5
   e - Invisibility                   Hexes                        6
   f - Darkness                       Hexes                        7
Comestibles
 e - 2 bread rations
 k - 2 beef jerkies


   Skills:
 + Level 5.0 Fighting
 * Level 5.5 Axes
 + Level 4.9 Armour
 + Level 5.5 Shields


You had 6 spell levels left.
You didn't know any spells.

Dungeon Overview and Level Annotations

Branches:
Dungeon (6/15)
 Temple: D:4-7

Altars:
Ashenzari
Okawaru

Annotations:
D:3 Virusyak's ghost, average OpTm
D:4 Grinder


Innate Abilities, Weirdness & Mutations

You are under a permanent stasis effect.
You can dig through walls and to a lower floor.
Your four strong arms can wield two-handed weapons with a shield.
You have a pair of large antennae on your head (SInv).


Message History

A jelly comes into view.
You hit the jelly.
Your hands burn!
The jelly is lightly wounded.
The jelly hits you but does no damage.
You hit the jelly. The acid corrodes your equipment!
Your hands burn!
The jelly is moderately wounded.
The jelly hits you.
You are splashed with acid!
The acid corrodes your equipment!
The acid burns!
Your shield and scale mail prevent you from hitting the jelly.
The jelly is moderately wounded.
The jelly hits you.
You are splashed with acid!
The acid burns!
* * * LOW HITPOINT WARNING * * *
You block the jelly's attack.
You hit the jelly but do no damage.
Your hands burn!
* * * LOW HITPOINT WARNING * * *
The jelly is moderately wounded.
The jelly hits you.
* * * LOW HITPOINT WARNING * * *
You are splashed with acid!
The acid burns!
You die...

#.# .## # .# #.# ..# #
.. #†# #.# .# # #. #.#
#.# .# #. #.###.##.# #
#. ##........# # ##.##.
##.####.#.## ##
##....J##.#####....####.
.......@..............+.
##....#########....####.
##.# #........## ## #
#.#.....†.# #
#.#.#.##..# ##
#.#.#.##..# #.
#.#...##..# #.
#.#..###..###.
#.#...........


You could see a jelly.

Vanquished Creatures
  Sigmund (D:2)
  A giant frog (D:6)
  A wasp zombie (D:6)
  A giant frog skeleton (D:3)
  2 hounds (D:6)
  2 worker ants (D:6)
  Jessica (D:2)
  An iguana (D:6)
  Natasha (thrice) (D:2)
  7 adders
  An ooze (D:2)
  A worm (D:2)
  6 bats
  8 goblins
  10 hobgoblins
  15 jackals
  5 giant cockroaches
  6 giant geckos
  5 giant newts
  8 kobolds
  5 rats
90 creatures vanquished.

Notes
Turn   | Place    | Note
--------------------------------------------------------------
     0 | D:1      | Ladykiller69 the Formicid Fighter began the quest for the Orb.
     0 | D:1      | Reached XP level 1. HP: 18/18 MP: 1/1
   165 | D:1      | Reached XP level 2. HP: 24/24 MP: 2/2
   262 | D:1      | Found an iron altar of Okawaru.
   310 | D:1      | Reached XP level 3. HP: 27/29 MP: 3/3
   879 | D:2      | Noticed Natasha
   895 | D:2      | Killed Natasha
   895 | D:2      | Reached skill level 4 in Shields
   895 | D:2      | Reached XP level 4. HP: 32/37 MP: 4/4
   997 | D:2      | Noticed Natasha
  1010 | D:2      | Killed Natasha
  1361 | D:2      | Noticed Sigmund
  1465 | D:2      | Killed Sigmund
  1465 | D:2      | Reached XP level 5. HP: 18/43 MP: 5/5
  1465 | D:2      | Reached XP level 6. HP: 20/49 MP: 6/6
  1814 | D:2      | Noticed Natasha
  1820 | D:2      | Killed Natasha
  1840 | D:2      | Noticed Jessica
  1846 | D:2      | Killed Jessica
  2215 | D:3      | Noticed Virusyak's ghost (average OpTm)
  2320 | D:3      | Found an iron altar of Okawaru.
  2526 | D:3      | Reached skill level 5 in Shields
  2526 | D:3      | Reached XP level 7. HP: 41/55 MP: 7/7
  2640 | D:4      | Found a shattered altar of Ashenzari.
  2747 | D:4      | Noticed Grinder
  2763 | D:4      | You fall through a shaft for 2 floors!
  3369 | D:6      | Reached skill level 5 in Axes
  3747 | D:6      | Reached skill level 5 in Fighting
  3772 | D:6      | Splashed by a jelly's acid

Vault maps used:
D:1:      nagdon_arrival_zigzag_paths, kennysheep_flooded_box, minivault_27
D:2:      uniq_jessica, uniq_sigmund, uniq_natasha
D:3:      minmay_misc_feat_plants, okawaru_ov_weapons_minmay
D:4:      lemuel_doored_altar, first_bread, uniq_grinder

Action                   |  1- 3 |  4- 6 |  7- 9 || total
-------------------------+-------+-------+-------++-------
Melee: War axe           |   108 |   122 |   118 ||   348
 Abil: Dig               |     4 |     3 |     5 ||    12
       Shaft Self        |       |       |     1 ||     1
  Use: Potion            |       |     1 |     1 ||     2
  Eat: Chunk             |     1 |     5 |     6 ||    12
